 Dungeon Crawl Stone Soup version 0.32-a0-391-gce5c0aab1b (webtiles) character file.

Game seed: 13457634185543867988

2051 sasquatch the Slicer (level 9, -4/58 HPs)
             Began as a Vampire Enchanter on Feb 19, 2024.
             Slain by Maggie
             ... wielding a +2 heavy glaive
              (10 damage)
             ... on level 6 of the Dungeon.
             The game lasted 00:12:24 (5494 turns).

sasquatch the Slicer (Vampire Enchanter)            Turns: 5494, Time: 00:12:24

Health: -4/58      AC:  9    Str:  7    XL:     9   Next: 4%
Magic:  11/17      EV: 12    Int: 23    God:
Gold:   311        SH:  0    Dex: 15    Spells: 6/19 levels left

rFire   . . .        x - +3 short sword
rCold   . . .        (no shield)
rNeg    . . .        p - +3 leather armour of Pemyeqod {^Drain rElec rCorr Int+2}
rPois   .            f - +0 helmet
rElec   +            (no cloak)
rCorr   +            (no gloves)
SInv    +            t - +1 pair of boots
Will    .....        (no amulet)
Stlth   +++          (no ring)
HPRegen 0.49/turn    (no ring)
MPRegen 0.15/turn

%: no passive effects
@: confusing by touch, mesmerised, healing quickly
A: alive, fangs 3, see invisible, vampiric 2
a: Exsanguinate


You were on level 6 of the Dungeon.
You visited 1 branch of the dungeon, and saw 6 of its levels.

You collected 311 gold pieces.

Inventory:

Hand Weapons
 a - a +1 dagger
 x - a +3 short sword (weapon)
Armour
 f - a +0 helmet (worn)
 p - the +3 leather armour of Pemyeqod (worn) {^Drain rElec rCorr Int+2}
   (You found it on level 3 of the Dungeon)

   Int+2:     It affects your intelligence (+2).
   rElec:     It insulates you from electricity.
   rCorr:     It protects you from acid and corrosion.
   ^Drain:    It drains your maximum health when unequipped.
 q - a +1 robe of positive energy
 t - a +1 pair of boots (worn)
 y - a +0 buckler
Magical Staves
 i - a staff of earth
Jewellery
 d - a ring of ice
Wands
 u - a wand of paralysis (10)
Scrolls
 b - a scroll of immolation {unknown}
 e - 3 scrolls of revelation
 g - a scroll of brand weapon {unknown}
 h - a scroll of enchant weapon {unknown}
 n - a scroll of noise {unknown}
 o - 2 scrolls of teleportation {unknown}
 r - a scroll of fear {unknown}
 s - 2 scrolls of silence {unknown}
 A - a scroll of enchant armour {unknown}
Potions
 c - 2 potions of invisibility
 j - a potion of magic {unknown}
 k - a potion of enlightenment
 l - a potion of resistance
 m - a potion of ambrosia
 v - a potion of heal wounds {unknown}
 w - a potion of brilliance {unknown}
 z - 2 potions of haste {unknown}


   Skills:
 + Level 0.5 Fighting
 - Level 10.0 Short Blades
 + Level 2.4 Dodging
 - Level 4.4 Stealth
 + Level 5.7 Spellcasting
 - Level 8.0 Hexes


You had 6 spell levels left.
You knew the following spells:

 Your Spells              Type           Power      Damage    Failure   Level
a - Confusing Touch       Hex            43%        N/A       1%          3
b - Tukima's Dance        Hex            43%        N/A       1%          3
c - Blink                 Tloc           12%        N/A       21%         2
d - Dazzling Flash        Conj/Hex       50%        N/A       8%          3
e - Ensorcelled Hibernat  Hex/Ice        50%        N/A       3%          2

Your spell library contained the following spells:

 Spells                   Type           Power      Damage    Failure   Level
 Inner Flame              Hex/Fire       25%        N/A       8%          3
 Freeze                   Ice            24%        1d4       13%         1
 Lesser Beckoning         Tloc           12%        N/A       21%         2
 Momentum Strike          Conj/Tloc      12%        3d8       21%         2
 Frozen Ramparts          Ice            12%        1d2       36%         3
 Hailstorm                Conj/Ice       6%         3d5       36%         3
 Flame Wave               Conj/Fire      6%         2d5       78%         4
 Sticky Flame             Fire/Alch      6%         2d4       78%         4


Dungeon Overview and Level Annotations

Branches:
Dungeon (6/15)
 Temple: D:4-7

Altars:

Shops:
D:6 *

Annotations:
D:6 Maggie


Innate Abilities, Weirdness & Mutations

Your natural rate of healing is accelerated.
You have razor-sharp teeth.
You have supernaturally acute eyesight. (SInv)
You are afflicted with vampirism and can become a bat while bloodless.


Message History

Your hands begin to glow red.
You hit the bombardier beetle but do no damage.
The bombardier beetle is lightly wounded.
You barely miss the bombardier beetle.
The bombardier beetle is lightly wounded.
The bombardier beetle bites you.
You hit the bombardier beetle but do no damage.
The bombardier beetle appears confused.
The bombardier beetle is lightly wounded.
You hit the bombardier beetle but do no damage.
The bombardier beetle is lightly wounded.
You catch the helpless bombardier beetle completely off-guard!
You impale the bombardier beetle!!
You kill the bombardier beetle!
No target in view!
HP restored.
An iguana comes into view.
Maggie the Vainglorious comes into view.
She is wielding a +2 heavy glaive.
Casting: Confusing Touch (safe; 1% risk of failure)
Press: ? - help, Q - select action, (/) - cycle Dir - look around, f - activate Your hands begin to glow red.
Maggie shouts!
Maggie mumbles some strange words.
Maggie attempts to bespell you!
You are mesmerised by Maggie!
Maggie hits you from afar with a +2 heavy glaive!
You barely miss the iguana. The iguana bites you.
You hit the iguana but do no damage.
The iguana appears confused.
Maggie hits you from afar with a +2 heavy glaive!
Casting: Confusing Touch (safe; 1% risk of failure)
Press: ? - help, Q - select action, (/) - cycle Dir - look around, f - activate Your hands begin to glow red.
The iguana bites you but does no damage.
A phantom comes into view.
Maggie hits you with a +2 heavy glaive!!
Ouch! That really hurt!
* * * LOW HITPOINT WARNING * * *
You hit Maggie but do no damage. You closely miss Maggie.
Maggie hits you with a +2 heavy glaive!
You die...

...# ........ ... ...#
................'
...#^........ ..... ...#
..##........ .... ....#
..#.....##'####'## .....
..#.....#........#......
..#.....#......$.#W.....
..#.....#.)......@......
..#.....#......l@#..
..#.....'........#
..#.....#........#
###.....######.###
........<#..##.####'#
.........'..........#
.........#..........#
.........#..........+
.........#####+##...#


You could see Maggie (mesmerising), a phantom and an iguana (confused).

Vanquished Creatures
  Sigmund (D:3)
  Menkaure (D:6)
  An orc warrior (D:4)
  A water moccasin (D:5)
  2 black bears
  An ogre (D:5)
  2 phantoms (D:6)
  2 bullfrogs (D:6)
  2 scorpions
  A water moccasin skeleton (D:6)
  4 bombardier beetles
  3 bullfrog zombies (D:6)
  2 orc priests
  2 hounds
  A jelly (D:5)
  A bullfrog skeleton (D:6)
  A centaur skeleton (D:6)
  3 iguanas
  Terence (D:3)
  2 orc wizards
  A howler monkey zombie (D:6)
  Robin (D:4)
  3 adders
  A howler monkey skeleton (D:6)
  A white imp (D:6)
  2 ufetubi (D:5)
  3 dart slugs
  A ribbon worm (D:2)
  22 orcs
  8 ball pythons
  7 bats
  4 endoplasms
  3 giant cockroaches
  14 goblins
  6 hobgoblins
  4 jackals (D:1)
  4 quokkas
  6 frilled lizards
  3 kobolds
  5 rats
133 creatures vanquished.

Notes
Turn   | Place    | Note
-------+----------+-------------------------------------------
     0 | D:1      | sasquatch the Vampire Enchanter began the quest for the
                  | Orb.
     0 | D:1      | Reached XP level 1. HP: 13/13 MP: 3/3
    79 | D:1      | Reached skill level 2 in Short Blades
    79 | D:1      | Reached XP level 2. HP: 19/19 MP: 5/5
   124 | D:1      | Found a faded altar of an unknown god.
   332 | D:1      | Reached skill level 5 in Hexes
   422 | D:1      | Gained mutation: You are afflicted with vampirism and can
                  | become a bat while bloodless. [Vampire growth]
   422 | D:1      | Reached XP level 3. HP: 24/24 MP: 6/6
   428 | D:1      | Learned a level 3 spell: Confusing Touch
   432 | D:1      | Learned a level 3 spell: Tukima's Dance
   538 | D:1      | Reached skill level 3 in Short Blades
   916 | D:2      | Reached XP level 4. HP: 30/30 MP: 7/7
  1397 | D:3      | Identified the +3 leather armour of Pemyeqod {^Drain rElec
                  | rCorr Int+2}
  1595 | D:3      | Noticed Sigmund
  1597 | D:3      | Killed Sigmund
  1598 | D:3      | Reached skill level 5 in Short Blades
  1598 | D:3      | Reached XP level 5. HP: 35/35 MP: 8/8
  1616 | D:3      | Noticed Terence
  1626 | D:3      | Killed Terence
  1627 | D:3      | Reached XP level 6. HP: 40/41 MP: 5/9
  2224 | D:4      | Reached skill level 6 in Short Blades
  2428 | D:4      | Noticed Robin
  2437 | D:4      | Killed Robin
  2972 | D:4      | Reached XP level 7. HP: 46/46 MP: 10/10
  3097 | D:4      | Reached skill level 7 in Short Blades
  3377 | D:4      | Learned a level 2 spell: Blink
  3378 | D:5      | Entered Level 5 of the Dungeon
  3756 | D:5      | Learned a level 3 spell: Dazzling Flash
  3865 | D:5      | Reached skill level 8 in Short Blades
  3884 | D:5      | Reached XP level 8. HP: 49/52 MP: 4/12
  4696 | D:6      | Learned a level 2 spell: Ensorcelled Hibernation
  4812 | D:6      | Reached skill level 9 in Short Blades
  4823 | D:6      | Noticed Menkaure
  4840 | D:6      | Killed Menkaure
  4907 | D:6      | Found Zin's Purification Station.
  5136 | D:6      | Reached skill level 10 in Short Blades
  5150 | D:6      | Reached skill level 5 in Spellcasting
  5331 | D:6      | Reached XP level 9. HP: 57/57 MP: 11/17
  5484 | D:6      | Noticed Maggie
  5494 | D:6      | Slain by Maggie

Illustrated notes

Levels and vault maps discovered:
D:1:      dpeg_arrival_radiant, layout_rooms,
          dreamdust_ecumenical_altar_hidden_monk_grotto, minmay_heptomino_o4
D:2:      layout_basic
D:3:      layout_loops_ring, uniq_sigmund, uniq_terence
D:4:      layout_loops_ring, nicolae_nh_ransacked_shop, uniq_robin
D:5:      layout_basic, minmay_misc_feat_hallway, st_stairs_11
D:6:      layout_gridville, zin_purify, temple_pool_b, serial_undead,
          serial_undead_d, serial_undead_a, serial_undead_a, serial_undead_e,
          serial_undead_c, serial_undead_a, uniq_menkaure, uniq_maggie

Skill      XL: |  1  2  3  4  5  6  7  8 |
---------------+-------------------------+-----
Short Blades   | 2 3 5 6 8 10 | 10.0
Hexes          | 5 6 7 8 |  8.0
Spellcasting   | 3 5 |  5.7
Fighting       | |  0.5
Dodging        | |  2.4
Stealth        | |  4.4

Action                     |  1- 3 |  4- 6 |  7- 9 || total
---------------------------+-------+-------+-------++-------
  Melee: Dagger            |   100 |   202 |   130 ||   432
         Bite              |     9 |    32 |    40 ||    81
         Short sword       |       |       |   128 ||   128
   Cast: Confusing Touch   |     1 |    18 |    43 ||    62
    Use: Scroll            |       |     1 |     2 ||     3
         Potion            |       |     1 |       ||     1
   Stab: Sleeping          |    10 |     7 |     2 ||    19
         Confused          |     1 |    10 |    36 ||    47
 Armour: Robe              |    38 |       |       ||    38
         Leather armour    |       |    91 |   106 ||   197
  Dodge: Dodged            |    47 |    69 |    84 ||   200

Table legend: (Time is in decaauts)
 A = Elapsed time spent in this place.
 B = Non-inter-level travel time spent in this place.
 C = Inter-level travel time spent in this place.
 D = Time resting spent in this place.
 E = Time spent auto-exploring this place.
 F = Levels seen in this place.
 G = Mean time per level.
                   A        B        C        D        E       F      G
               +--------+--------+--------+--------+--------+-----+--------+
         Total |   5311 |   5167 |    144 |     86 |   4001 |   6 |  885.2 |
       Dungeon |   5311 |   5167 |    144 |     86 |   4001 |   6 |  885.2 |
               +--------+--------+--------+--------+--------+-----+--------+

Top non-repeatable levels by time:
     D:5: 1281 daAuts
     D:4: 1128 daAuts
     D:3: 812 daAuts
     D:6: 730 daAuts
     D:2: 728 daAuts
     D:1: 629 daAuts
